Map: [ESL] Inside and Out

Players

Gerald - Winner!

  • Race: Protoss Protoss
  • Spawn Location: 7:00

DnS

  • Race: Protoss Protoss
  • Spawn Location: 1:00

Event: DreamHack SC2 Masters 2022 Atlanta (Online)

VOD

Have the link to the VOD?

Description

Time

  • Played on: Oct. 1, 2022, 1:53 p.m.
  • Length: 12:25

All games in this series

Show
View Real Time Build Order
Export as new Build Order

Gerald Protoss - Winner!

Build Orders:  

Get SALT Encoding   

  12  0:00  Probe  
  13  0:12  Probe  
  14  0:17  Pylon  
  14  0:24  Probe (Chrono Boost)  
  16  0:37  Probe (Chrono Boost), Gateway  
  16  0:42  Probe (Chrono Boost)  
  16  0:46  Assimilator  
  17  0:51  Probe  
  17  0:54  Assimilator  
  18  1:03  Probe (Chrono Boost)  
  19  1:08  Gateway  
  19  1:14  Probe (Chrono Boost)  
  20  1:19  Probe (Chrono Boost)  
  20  1:25  Cybernetics Core  
  21  1:30  Probe  
  22  1:40  Pylon  
  22  1:42  Probe  
  22  1:44  Pylon  
  23  1:58  Probe  
  24  2:01  Stalker  
  24  2:02  Stalker  
  24  2:06  Pylon  
  28  2:08  Warp Gate  
  28  2:12  Probe  
  29  2:19  Pylon  
  29  2:23  Pylon  
  29  2:28  Probe  
  30  2:36  Pylon  
  30  2:37  Stalker  
  30  2:43  Shield Battery, Probe  
  32  3:03  Nexus  
  32  3:18  Probe  
  33  3:24  Twilight Council, Stalker  
  35  3:31  Probe  
  36  3:43  Pylon  
  36  3:47  Probe  
  37  3:55  Shield Battery  
  35  3:58  Stalker  
  35  3:59  Probe  
  35  4:02  Blink (Chrono Boost)  
  38  4:05  Stalker  
  40  4:11  Probe  
  41  4:18  Probe  
  41  4:23  Probe  
  43  4:30  Probe  
  44  4:39  Probe (Chrono Boost)  
  44  4:40  Stalker x2  
  44  4:45  Probe (Chrono Boost)  
  50  4:51  Probe (Chrono Boost)  
  49  4:54  Probe (Chrono Boost)  
  49  4:56  Robotics Facility, Gateway  
  50  5:03  Stalker x2  
  50  5:05  Probe  
  55  5:15  Probe  
  53  5:26  Probe  
  53  5:33  Probe (Chrono Boost)  
  53  5:34  Stalker x2  
  58  5:38  Probe (Chrono Boost)  
  58  5:40  Assimilator  
  61  5:50  Probe (Chrono Boost)  
  61  5:51  Nexus, Probe (Chrono Boost)  
  61  5:52  Pylon  
  61  6:01  Probe  
  61  6:02  Pylon  
  62  6:10  Observer  
  62  6:11  Probe  
  64  6:13  Stalker x3  
  64  6:18  Forge, Gateway  
  70  6:20  Probe  
  71  6:26  Shield Battery, Probe  
  72  6:33  Probe  
  72  6:38  Probe  
  72  6:39  Observer (Chrono Boost)  
  73  6:45  Probe  
  72  6:48  Observer  
  72  6:51  Probe  
  73  6:57  Probe  
  73  7:00  Stalker x2  
  78  7:03  Protoss Ground Weapons Level 1 (Chrono Boost), Probe  
  78  7:05  Pylon  
  79  7:09  Probe  
  79  7:15  Probe (Chrono Boost)  
  81  7:18  Probe (Chrono Boost), Stalker x2  
  81  7:22  Probe (Chrono Boost)  
  85  7:28  Probe (Chrono Boost)  
  87  7:30  Probe (Chrono Boost)  
  87  7:33  Probe (Chrono Boost)  
  87  7:36  Probe (Chrono Boost)  
  89  7:37  Probe (Chrono Boost)  
  89  7:38  Probe (Chrono Boost)  
  89  7:40  Observer  
  89  7:41  Probe  
  93  7:44  Adept x2, Charge (Chrono Boost), Probe  
  93  7:48  Probe  
  99  7:51  Gateway  
  99  7:52  Gateway  
  99  7:58  Probe  
  94  8:05  Probe x2  
  92  8:06  Stalker  
  92  8:12  Gateway  
  94  8:15  Gateway  
  94  8:17  Stalker x3  
  100  8:21  Gateway  
  100  8:22  Gateway  
  100  8:30  Immortal (Chrono Boost)  
  100  8:39  Nexus  
  100  8:41  Pylon  
  100  8:45  Dark Shrine  
  100  8:46  Assimilator  
  100  9:03  Photon Cannon  
  100  9:05  Stalker x4  
  108  9:14  Observer, Warp Prism (Chrono Boost)  
  108  9:22  Zealot x2  
  108  9:24  Observer  
  108  9:31  Probe (Chrono Boost)  
  109  9:34  Photon Cannon  
  109  9:36  Shield Battery  
  109  9:37  Pylon  
  109  9:47  Pylon  
  109  9:49  Pylon  
  109  9:50  Pylon  
  109  9:51  Probe (Chrono Boost)  
  112  9:52  Stalker  
  112  9:53  Probe (Chrono Boost), Stalker x2  
  112  9:54  Probe (Chrono Boost)  
  118  10:02  Zealot x3  
  118  10:03  Zealot, Probe  
  119  10:22  Zealot x6  
  131  10:31  Probe x3  
  133  10:39  Probe  
  133  10:42  Robotics Bay  
  134  10:44  Dark Templar x6  
  134  10:46  Assimilator  
  146  10:51  Assimilator  
  146  10:54  Stalker x2  
  140  11:11  Dark Templar  
  140  11:19  Probe  
Show
View Real Time Build Order
Export as new Build Order

DnS Protoss 

Build Orders: Oracle Opening 

Get SALT Encoding   

  12  0:00  Probe  
  13  0:12  Probe  
  14  0:18  Pylon  
  14  0:24  Probe (Chrono Boost)  
  15  0:36  Probe (Chrono Boost)  
  15  0:38  Gateway  
  16  0:45  Probe (Chrono Boost)  
  16  0:47  Assimilator  
  17  0:51  Probe  
  18  1:03  Probe (Chrono Boost)  
  19  1:12  Pylon  
  19  1:15  Probe (Chrono Boost), Assimilator  
  20  1:24  Probe (Chrono Boost)  
  21  1:27  Cybernetics Core  
  21  1:29  Probe  
  22  1:37  Zealot  
  24  1:41  Probe  
  25  1:53  Probe  
  26  2:04  Stargate  
  26  2:05  Probe  
  26  2:08  Adept (Chrono Boost)  
  28  2:18  Probe, Pylon  
  28  2:20  Warp Gate  
  29  2:30  Probe  
  29  2:35  Stalker  
  32  2:48  Probe  
  31  2:55  Shield Battery, Oracle (Chrono Boost)  
  34  3:07  Nexus  
  34  3:15  Probe  
  34  3:19  Shield Battery  
  32  3:27  Probe  
  31  3:39  Probe  
  35  3:45  Gateway  
  35  3:47  Oracle  
  35  3:55  Probe  
  35  4:00  Pylon x2  
  36  4:03  Shield Battery  
  36  4:15  Twilight Council  
  35  4:18  Probe  
  35  4:19  Stalker  
  36  4:41  Stalker  
  36  4:43  Stalker  
  36  4:45  Probe x2  
  42  4:55  Dark Shrine  
  42  4:57  Probe x2  
  44  5:00  Gateway  
  44  5:10  Stalker  
  44  5:13  Stalker  
  48  5:19  Probe  
  48  5:20  Probe  
  49  5:28  Shield Battery  
  48  5:34  Stalker  
  50  5:40  Stalker  
  52  5:45  Probe, Pylon  
  52  5:49  Probe (Chrono Boost)  
  54  5:54  Blink (Chrono Boost)  
  54  6:01  Pylon  
  56  6:05  Probe (Chrono Boost)  
  56  6:07  Dark Templar  
  56  6:08  Probe (Chrono Boost)  
  56  6:10  Probe (Chrono Boost)  
  56  6:11  Assimilator  
  58  6:16  Probe  
  60  6:21  Probe  
  61  6:26  Dark Templar  
  61  6:28  Probe  
  64  6:33  Probe  
  65  6:45  Stalker x2  
  69  6:49  Nexus  
  69  6:54  Probe x2, Pylon  
  69  7:06  Probe  
  70  7:08  Pylon  
  70  7:12  Probe  
  69  7:18  Stalker x3  
  69  7:19  Probe  
  76  7:24  Probe  
  76  7:29  Shield Battery  
  74  7:31  Robotics Facility, Probe  
  74  7:33  Forge  
  74  7:36  Probe  
  76  7:39  Pylon  
  76  7:43  Probe  
  77  7:47  Stalker x2  
  81  7:56  Stalker  
  74  8:06  Probe x2  
  74  8:09  Gateway  
  74  8:10  Gateway, Probe  
  74  8:12  Gateway, Stalker  
  79  8:18  Dark Templar  
  81  8:23  Protoss Ground Weapons Level 1 (Chrono Boost)  
  81  8:24  Probe x2  
  81  8:30  Stalker  
  82  8:37  Probe x2  
  84  8:41  Probe  
  84  8:42  Stalker  
  84  8:43  Observer  
  88  8:51  Probe  
  88  8:54  Charge  
  88  8:55  Probe, Gateway  
  90  8:56  Gateway, Assimilator  
  90  8:57  Pylon  
  90  9:00  Stalker x2  
  90  9:01  Probe  
  92  9:14  Stalker  
  94  9:20  Observer  
  94  9:24  Stalker x2  
  94  9:27  Nexus  
  94  9:30  Observer  
  97  9:32  Adept x2  
  97  9:37  Pylon  
  101  9:41  Pylon  
  101  9:43  Zealot, Stalker  
  105  9:47  Stalker x2  
  105  9:51  Pylon  
  109  9:52  Pylon  
  109  10:02  Pylon  
  109  10:05  Stalker x3  
  109  10:06  Stalker, Pylon  
  115  10:12  Shield Battery  
  115  10:13  Shield Battery  
  113  10:20  Nexus  
  109  10:23  Stalker  
  111  10:28  Dark Templar  
  113  10:39  Observer  
  114  10:43  Photon Cannon  
  114  10:45  Photon Cannon  
  114  10:47  Observer, Stalker x4  
  114  10:48  Zealot  
  124  10:55  Stalker x6  
  124  10:56  Zealot  
  113  10:58  Pylon  
  107  11:05  Observer (Chrono Boost)  
  105  11:13  Nexus  
Tags
 
Add a new tag
Caveats
  • Supply blocks, unpowered buildings, or Contaminate may cause inaccurate times.
  • Supply counts are checked every 10 seconds.